 Dungeon Crawl Stone Soup version 0.31-a0-8-gd14b0f4ee2 (webtiles) character file.

Game seed: 9804754751296326491

752 Morbidden the Gusty (level 7, -5/33 HPs)
             Began as a Vine Stalker Air Elementalist on May 6, 2023.
             Slain by an orc warrior
             ... wielding a +0 dire flail
              (9 damage)
             ... on level 5 of the Dungeon.
             The game lasted 00:06:45 (5349 turns).

Morbidden the Gusty (Vine Stalker Air Elementalist) Turns: 5349, Time: 00:06:46

Health: -5/33      AC:  4    Str: 10    XL:     7   Next: 78%
Magic:  0/14       EV: 12    Int: 17    God:
Gold:   202        SH:  0    Dex: 15    Spells: 8/15 levels left

rFire   . . .        b - +2 long sword (freeze)
rCold   + . .        s - orb {mayhem}
rNeg    + + .        r - +0 leather armour
rPois   .            y - +0 hat of Dishonour {*Corrode rN++}
rElec   .            (no cloak)
rCorr   .            q - +0 pair of gloves
SInv    .            (no boots)
Will    .....        (no amulet)
Stlth   ++           c - ring of protection from cold
HPRegen 1.05/turn    (no ring)
MPRegen 0.14/turn

%: corrode self (3%), mayhem, guardian spirit
@: no status effects
A: fangs 2, regeneration 1, magic shield, antimagic bite, no potion heal 2
a: no special abilities


You were on level 5 of the Dungeon.
You visited 1 branch of the dungeon, and saw 5 of its levels.

You collected 202 gold pieces.

Inventory:

Hand Weapons
 a - a +0 dagger
 b - a +2 long sword of freezing (weapon)
Missiles
 x - 2 poisoned darts
Armour
 q - a +0 pair of gloves (worn)
 r - a +0 leather armour (worn)
 s - an orb of mayhem (worn)
 y - the +0 hat of Dishonour (worn) {*Corrode rN++}
   (You found it on level 3 of the Dungeon)

   rN:        It greatly protects you from negative energy.
   *Corrode:  It may corrode you when you take damage.
Jewellery
 c - a ring of protection from cold (left hand)
Scrolls
 d - 2 scrolls of magic mapping {unknown}
 g - 2 scrolls of identify {unknown}
 h - 3 scrolls of fog {unknown}
 j - a scroll of immolation {unknown}
 n - a scroll of blinking {unknown}
 p - a scroll of vulnerability {unknown}
 u - 2 scrolls of teleportation {unknown}
 v - a scroll of enchant weapon {unknown}
 z - a scroll of amnesia {unknown}
 A - a scroll of silence {unknown}
Potions
 e - a potion of degeneration {unknown}
 f - a potion of flight {unknown}
 i - a potion of attraction {unknown}
 k - a potion of resistance {unknown}
 l - a potion of might {unknown}
 m - 2 potions of lignification {unknown}
 o - a potion of haste {unknown}
 t - a potion of magic
 w - a potion of heal wounds {unknown}


   Skills:
 * Level 1.6 Fighting
 * Level 1.6(1.9) Short Blades
 * Level 1.3(1.8) Long Blades
 * Level 1.9 Armour
 * Level 2.7 Dodging
 + Level 3.2 Stealth
 * Level 4.5 Spellcasting
 * Level 3.1 Conjurations
 * Level 4.5 Air Magic


You had 8 spell levels left.
You knew the following spells:

 Your Spells              Type           Power      Damage    Failure   Level
a - Shock                 Conj/Air       68%        1d7       4%          1
b - Static Discharge      Conj/Air       34%        2-4/arc   6%          2
c - Airstrike             Air            9%         2d(2-18)  30%         4

Your spell library contained the following spells:

 Spells                   Type           Power      Damage    Failure   Level
 Swiftness                Air            19%        N/A       9%          3
 Lesser Beckoning         Tloc           6%         N/A       30%         2
 Gell's Gravitas          Tloc           3%         N/A       52%         3
 Teleport Other           Tloc           3%         N/A       52%         3
 Simulacrum               Ice/Necr       1%         N/A       100%        6
 Ozocubu's Refrigeration  Ice            1%         4d7       100%        7
 Polar Vortex             Ice            1%         N/A       100%        9


Dungeon Overview and Level Annotations

Branches:
Dungeon (5/15)
 Temple: D:4-7

Altars:
Dithmenos
Sif Muna
Zin

Annotations:
D:3 1 runed translucent door, Crazy Yiuf
D:4 2 transporters, Edmund; Silenceoftheyaks's ghost, amateur DsCA


Innate Abilities, Weirdness & Mutations

You have extremely sharp teeth.
Your natural rate of healing is unusually fast.
When hurt, damage is shared between your health and your magic reserves.
Your bite disrupts and absorbs the magic of your enemies.
Potions cannot restore your health.


Message History

Confirm with . or Enter, or press ? or * to list all spells.
You don't know that spell.
Unknown command.
Casting: Shock (safe; 4% risk of failure)
Confirm with . or Enter, or press ? or * to list all spells.
Aiming: Shock (safe; 4% risk of failure)
Press: ? - help, Shift-Dir - straight line, f/p - orc warrior
Aim: an orc warrior, wielding a +0 dire flail and wearing a +0 chain mail (lightly wounded, 68% to hit)
That beam is likely to hit you.
Continue anyway?
Okay, then.
Unknown command.
The orc warrior attacks as you move away!
The orc warrior closely misses you.
Casting: Shock (safe; 4% risk of failure)
Confirm with . or Enter, or press ? or * to list all spells.
Aiming: Shock (safe; 4% risk of failure)
Press: ? - help, Shift-Dir - straight line, f/p - orc warrior
Aim: an orc warrior, wielding a +0 dire flail and wearing a +0 chain mail (lightly wounded, 68% to hit)
The zap hits the orc warrior.
The orc warrior is moderately wounded.
The orc warrior barely misses you.
Unknown command.
Casting: Shock (safe; 4% risk of failure)
Confirm with . or Enter, or press ? or * to list all spells.
Aiming: Shock (safe; 4% risk of failure)
Press: ? - help, Shift-Dir - straight line, f/p - orc warrior
Aim: an orc warrior, wielding a +0 dire flail and wearing a +0 chain mail (moderately wounded, 68% to hit)
The zap hits the orc warrior but does no damage.
The orc warrior is moderately wounded.
The zap hits the orc.
The orc is severely wounded.
The orc warrior hits you with a +0 dire flail!
Unknown command.
Unknown command.
The orc warrior attacks as you move away!
The orc warrior hits you with a +0 dire flail!
* * * LOW HITPOINT WARNING * * *
The orc warrior attacks as you move away!
The orc warrior hits you with a +0 dire flail!
You die...

≈...≈.#.≈.######.....# #.#
≈_.≈≈.#.≈.#..........# #.#
≈≈≈...#.≈.#..........### ##.#
...####.≈.##...........#####.##
###.....≈.# ##..<........##..#
...≈≈≈≈≈≈.# #o......##.#..#..##
≈≈≈.......#.#..#...###.#..##..###
...#########..##...# #.#..###....
#### #...oKo@.## #...K# #####
##.#..o..# #.#.o####### ####.
#.....##..#.##...##.#.# .>...
#....## #...###o....... #####
......# ####.###........
##......##..#.##.......##
#...#..........)......##
.............K)).....#..
.....o.##..)##...


You could see an orc warrior, 2 orcs and a kobold.

Vanquished Creatures
  An ice beast (D:5)
  A phantom (D:4)
  An iguana (D:5)
  Natasha (twice) (D:4)
  An orc wizard (D:5)
  A gnoll (D:3)
  13 adders
  A white imp (D:5)
  An ufetubus (D:5)
  2 worms
  7 dart slugs
  9 orcs
  6 ball pythons
  7 bats
  9 endoplasms
  3 giant cockroaches
  5 goblins
  9 hobgoblins
  4 jackals (D:2)
  6 quokkas
  3 frilled lizards
  7 kobolds
  9 rats
108 creatures vanquished.

Vanquished Creatures (collateral kills)
  An ogre (D:5)
  A centaur (D:4)
  An orc wizard (D:5)
  A gnoll (D:4)
  2 orcs (D:3)
  A quokka (D:5)
7 creatures vanquished.

Vanquished Creatures (others)
  An orc priest (D:3)
1 creature vanquished.

Grand Total: 116 creatures vanquished

Notes
Turn   | Place    | Note
-------+----------+-------------------------------------------
     0 | D:1      | Morbidden the Vine Stalker Air Elementalist began the quest
                  | for the Orb.
     0 | D:1      | Reached XP level 1. HP: 9/9 MP: 4/4
   105 | D:1      | Reached XP level 2. HP: 6/13 MP: 0/6
   592 | D:1      | Learned a level 2 spell: Static Discharge
   669 | D:1      | Reached XP level 3. HP: 16/16 MP: 4/7
  1463 | D:2      | Gained mutation: Your natural rate of healing is unusually
                  | fast. [Vine Stalker growth]
  1463 | D:2      | Reached XP level 4. HP: 20/21 MP: 2/8
  1816 | D:2      | Reached skill level 1 in Armour
  2377 | D:2      | Reached XP level 5. HP: 25/25 MP: 5/10
  2472 | D:2      | Found a shadowy altar of Dithmenos.
  3294 | D:3      | Found a runed translucent door.
  3295 | D:3      | Noticed Crazy Yiuf
  3625 | D:3      | Identified the +1 flail of the Many Tables {vamp, +Blink
                  | rN++ Int+2 Dex+3}
  3637 | D:3      | Identified the +0 hat of Dishonour {*Corrode rN++}
  4054 | D:4      | Noticed a centaur
  4058 | D:4      | Killed a centaur
  4059 | D:4      | Reached skill level 1 in Fighting
  4059 | D:4      | Reached skill level 1 in Short Blades
  4059 | D:4      | Reached XP level 6. HP: 11/30 MP: 0/12
  4209 | D:4      | Noticed Natasha
  4218 | D:4      | Killed Natasha
  4263 | D:4      | Noticed Edmund
  4329 | D:4      | Noticed Silenceoftheyaks's ghost (amateur DsCA)
  4336 | D:4      | Found a transporter.
  4390 | D:4      | Found a transporter.
  4422 | D:4      | Learned a level 4 spell: Airstrike
  4625 | D:4      | Noticed Natasha
  4630 | D:4      | Killed Natasha
  4642 | D:4      | Reached XP level 7. HP: 24/33 MP: 12/14
  4834 | D:5      | Entered Level 5 of the Dungeon
  4935 | D:5      | Reached skill level 1 in Long Blades
  5010 | D:5      | Found a glowing silver altar of Zin.
  5035 | D:5      | Found a shimmering blue altar of Sif Muna.
  5349 | D:5      | Slain by an orc warrior

Illustrated notes

Levels and vault maps discovered:
D:1:      elethiomel_arrival_quiet, layout_rooms
D:2:      minmay_diamond_boxcup, layout_basic, basic_altar, minmay_ruptured
D:3:      layout_basic, uniq_crazy_yiuf_cottage
D:4:      layout_loops_ring, nicolae_overflow_crystal_walls,
          gammafunk_ghost_stat_death, uniq_natasha, uniq_edmund
D:5:      layout_layer_cave, nicolae_overflow_squiral

Skill      XL: |  1  2  3  4  5  6  7 |
---------------+----------------------+-----
Armour         | 1 |  1.9
Dodging        | 2 |  2.7
Spellcasting   | 3 4 |  4.5
Stealth        | 3 |  3.2
Conjurations   | 2 3 |  3.1
Fighting       | 1 |  1.6
Short Blades   | 1 |  1.6
Air Magic      | 4 |  4.5
Long Blades    | 1 |  1.3

Action                     |  1- 3 |  4- 6 |  7- 9 || total
---------------------------+-------+-------+-------++-------
  Melee: Dagger            |    17 |     5 |       ||    22
         Bite              |     6 |    12 |     9 ||    27
         Long sword        |       |    23 |    28 ||    51
   Cast: Shock             |    71 |   153 |    44 ||   268
         Static Discharge  |       |     2 |       ||     2
   Stab: Sleeping          |       |     1 |       ||     1
 Armour: Robe              |     2 |       |       ||     2
         Leather armour    |       |    19 |    10 ||    29
  Dodge: Dodged            |    14 |    27 |    64 ||   105

Table legend: (Time is in decaauts)
 A = Elapsed time spent in this place.
 B = Non-inter-level travel time spent in this place.
 C = Inter-level travel time spent in this place.
 D = Time resting spent in this place.
 E = Time spent auto-exploring this place.
 F = Levels seen in this place.
 G = Mean time per level.
                   A        B        C        D        E       F      G
               +--------+--------+--------+--------+--------+-----+--------+
         Total |   5369 |   5068 |    301 |    134 |   4158 |   5 | 1073.8 |
       Dungeon |   5369 |   5068 |    301 |    134 |   4158 |   5 | 1073.8 |
               +--------+--------+--------+--------+--------+-----+--------+

Top non-repeatable levels by time:
     D:3: 1732 daAuts
     D:2: 1575 daAuts
     D:1: 1006 daAuts
     D:4: 549 daAuts
     D:5: 506 daAuts
